 Dungeon Crawl Stone Soup version 0.31-a0-133-gaae73658be (console) character file.

Game seed: 330927106174593923

94712 jejorda2 the Impaler (level 16, 0/193 HPs)
             Began as a Merfolk Berserker on June 1, 2023.
             Was a High Priest of Trog.
             Killed from afar by a white draconian (12 damage)
             ... with a blast of cold
             ... in an ice cave on June 2, 2023.
             The game lasted 00:57:59 (21302 turns).

jejorda2 the Impaler (Merfolk Berserker)           Turns: 21302, Time: 00:58:00

Health: 0/193      AC: 22    Str: 24    XL:     16   Next: 12%
Magic:  16/16      EV: 15    Int:  9    God:    Trog [*****.]
Gold:   509        SH:  0    Dex: 17    Spells: 15/15 levels left

rFire   + . .        a - +1 scythe (spect)
rCold   + . .        (shield currently unavailable)
rNeg    . . .        p - +3 chain mail
rPois   +            r - +0 helmet
rElec   .            c - +2 cloak
rCorr   .            v - +1 pair of gloves {hurl}
SInv    +            w - melded +0 pair of boots
Will    +++..        T - amulet of faith Stlth
                     H - ring of protection from cold
HPRegen 1.52/turn    S - ring "Vujue" {rPois rF+ Int+2 Dex+3 SInv}
MPRegen 0.15/turn

%: faith
@: berserking, strong-willed, regenerating, very quick
A: nimble swimmer 2, mertail
a: Renounce Religion, Berserk, Trog's Hand, Brothers in Arms


You were in an ice cave.
You worshipped Trog.
Trog was extremely pleased with you.
You visited 2 branches of the dungeon, and saw 20 of its levels.
You also visited: Bailey, Gauntlet and Ice Cave.

You collected 1600 gold pieces.
You spent 1091 gold pieces at shops.

Inventory:

Hand Weapons
 a - a +1 spectral scythe (weapon)
 b - a +0 trident of venom
 Y - a +4 antimagic bardiche
Missiles
 j - 183 stones
 l - 6 atropa-tipped darts
 s - 23 poisoned darts
 u - a throwing net
 A - 13 curare-tipped darts
 D - 16 boomerangs
 P - 5 silver javelins
 R - 10 javelins
Armour
 c - a +2 cloak (worn)
 f - a +2 pair of gloves of dexterity
 p - a +3 chain mail (worn)
 r - a +0 helmet (worn)
 v - a +1 pair of gloves of hurling (worn)
 w - a +0 pair of boots (melded)
Jewellery
 e - a ring of flight
 F - a ring of resist corrosion
 H - a ring of protection from cold (left hand)
 K - a ring of protection from fire
 S - the ring "Vujue" (right hand) {rPois rF+ Int+2 Dex+3 SInv}
   (You bought it in a shop on level 7 of the Dungeon)

   [ring of see invisible]

   Int:       It affects your intelligence (+2).
   Dex:       It affects your dexterity (+3).
   rF:        It protects you from fire.
   rPois:     It protects you from poison.
   SInv:      It lets you see invisible.
 T - an amulet of faith (around neck)
 Z - the amulet of the Gloaming {Harm rC- Regen+ Str-3 Dex+8}
   (You found it in an ice cave)

   [amulet of regeneration]

   Str:       It affects your strength (-3).
   Dex:       It affects your dexterity (+8).
   rC:        It makes you vulnerable to cold.
   Regen:     It increases your rate of health regeneration.
   Harm:      It increases damage dealt and taken.
Wands
 m - a wand of paralysis (3)
 y - a wand of digging (5)
 I - a wand of flame (67) (quivered)
 J - a wand of mindburst (20)
 L - a wand of iceblast (24)
 Q - a wand of light (9)
 U - a wand of polymorph (2)
Scrolls
 g - 2 scrolls of poison
 i - 3 scrolls of blinking
 t - 3 scrolls of fear
 x - 6 scrolls of teleportation
 B - 3 scrolls of fog
 C - 10 scrolls of identify
 G - a scroll of silence
 M - 5 scrolls of immolation
 V - a scroll of summoning
 W - a scroll of magic mapping
 X - a scroll of enchant weapon
Potions
 h - 9 potions of curing
 k - 3 potions of invisibility
 o - a potion of haste
 q - 4 potions of enlightenment
 z - 7 potions of heal wounds
 E - 5 potions of might
 N - 3 potions of attraction
 O - 4 potions of mutation
Miscellaneous
 d - a condenser vane
 n - a phial of floods


   Skills:
 + Level 12.9 Fighting
 + Level 20.6 Polearms
 + Level 12.7 Throwing
 * Level 11.8 Armour
 - Level 6.0 Dodging
 - Level 6.0 Evocations


You had 15 spell levels left.
You didn't know any spells.
Your spell library was empty.

Dungeon Overview and Level Annotations

Branches:
Dungeon (15/15)            Temple (0/1) D:5            Lair (5/5) D:11
  Swamp (0/4) Lair:3       Spider (0/4) Lair:3        Slime (0/5) Lair:5
    Orc (0/2) D:11         Vaults (0/5) D:14         Depths (0/4) D:15
 Bailey (visited)           IceCv (1/1)             Gauntlet (visited)

Altars:
Ashenzari
Cheibriados
Dithmenos
Elyvilon
Fedhas
Gozag
Hepliaklqana
Nemelex Xobeh
Qazlal
Ru
Sif Muna
Vehumet
Wu Jian
Xom
Yredelemnul
Zin
The Shining One

Shops:
D:1 :   D:2 =   D:6 [   D:7 *[*=:   D:10 (   D:12 *

Annotations:
D:15 1 runed translucent door, Huipt's ghost, journeyman DEFE


Innate Abilities, Weirdness & Mutations

You are very nimble when in or above water. (Stealth+, EV+, Speed+++)
Your lower body shifts to a powerful aquatic tail in water.


Message History

The white draconian knight is heavily wounded.
Your +1 spectral scythe hits the white draconian knight!!
The white draconian breathes frost at you.
The blast of cold hits the white draconian knight!
The white draconian knight resists.
The blast of cold hits you! You resist.
* * * LOW HITPOINT WARNING * * *
Press: ? - help, v - describe, . - travel Some ice crusted deep water.
There is a cloud of freezing vapour here.
Unknown command.
Your +1 spectral scythe disappears.
Reach: a) +1 scythe (spect)
Press: ? - help, Dir - move target, f - white draconian knight
Aim: a white draconian knight, wielding a +0 morningstar of freezing and wearing a +1 cloak (severely wounded, fast, slightly transparent, about 34% to evade your +1 spectral scythe)
You reach to attack!
You hit the white draconian knight but do no damage.
The white draconian knight is severely wounded.
Your +1 spectral scythe hits the white draconian knight but does no damage.
The white draconian knight breathes frost at you.
The blast of cold hits you! You resist.
* * * LOW HITPOINT WARNING * * *
Reach: a) +1 scythe (spect)
Press: ? - help, Dir - move target, f/p - white draconian knight
Aim: a white draconian knight, wielding a +0 morningstar of freezing and wearing a +1 cloak (severely wounded, fast, slightly transparent, catching its breath, about 34% to evade your +1 spectral scythe)
You reach to attack!
You barely miss the white draconian knight.
The white draconian knight is severely wounded.
Your +1 spectral scythe hits the white draconian knight but does no damage.
You are engulfed in freezing vapours.
You resist.
* * * LOW HITPOINT WARNING * * *
Reach: a) +1 scythe (spect)
Press: ? - help, Dir - move target, f/p - white draconian knight
Aim: a white draconian knight, wielding a +0 morningstar of freezing and wearing a +1 cloak (severely wounded, fast, slightly transparent, catching its breath, about 34% to evade your +1 spectral scythe)
You could not reach far enough!
Your +1 spectral scythe disappears.
You are engulfed in freezing vapours.
You resist.
The white draconian breathes frost at you.
The blast of cold hits the white draconian knight.
The white draconian knight resists.
The blast of cold hits you! You resist.
You die...

#..##
##..##
###..##
#.##..#
#....##
#..###
###.##
##≈≈≈≈##
#@≈≈≈≈≈#
#°≈≈≈≈##
#q#≈###
#dd##
##Z.=".$$$
).$".dZ.[
##"=..q...
###...Z..
##....


You could see a white draconian knight (fast, invisible), 2 draconians and a
golden dragon simulacrum.

Vanquished Creatures
  Rupert (Lair:5)
  Nessos (Lair:4)
  3 white draconians (IceCv)
  A minotaur (Gauntlet)
  4 dire elephants (Lair:5)
  Josephine (Lair:5)
  8 hydras
  An ice dragon (D:14)
  2 vault guards (Bailey)
  A boulder beetle (D:9)
  4 catoblepae
  2 centaur warriors (D:14)
  2 two-headed ogres
  5 death yaks (Lair:3)
  4 tengu warriors
  Sonja (Lair:4)
  A wretched star (Gauntlet)
  2 skysharks
  A spectral death yak (Lair:5)
  A deep troll (D:14)
  A spectral anaconda (Lair:5)
  2 bog bodies (Lair:3)
  A lindwurm (Lair:4)
  A wizard (D:9)
  An obsidian statue (Lair:5)
  An orange crystal statue (IceCv)
  4 deep elf pyromancers
  An orc knight (D:15)
  13 ugly things
  4 necromancers (Lair:5)
  5 oklob plants
  5 cyclopes
  3 manticores
  A dire elephant zombie (Lair:5)
  21 elephants
  Maurice (D:11)
  3 black mambas
  Joseph (D:8)
  A guardian serpent (shapeshifter) (D:14)
  3 storm dragon simulacra (IceCv)
  5 gargoyles
  7 cane toads
  A torpor snail (Lair:5)
  An unseen horror (D:9)
  3 rime drakes
  Psyche (D:8)
  12 komodo dragons
  2 efreet
  A golden dragon simulacrum (IceCv)
  3 hornets
  5 trolls
  2 polar bears (Lair:4)
  A meliai (shapeshifter) (D:13)
  A raiju (shapeshifter) (D:13)
  18 blink frogs
  Grinder (D:5)
  Prince Ribbit (Bailey)
  19 dream sheep (Lair:5)
  12 slime creatures
  A jumping spider (Lair:3)
  A centaur simulacrum (D:15)
  3 shadows
  Sigmund (D:4)
  24 yaks
  4 wraiths
  10 wyverns
  6 basilisks
  5 humans (Bailey)
  3 neqoxecs (Gauntlet)
  4 vampire mosquitoes
  Grum (D:9)
  3 steam dragons
  A redback (shapeshifter) (D:14)
  A spectral cane toad (Lair:5)
  2 wargs (D:15)
  2 acid dragons
  10 water moccasins
  2 black bears
  3 orc warriors
  2 ice dragon simulacra (IceCv)
  2 sky beasts
  An elephant zombie (Lair:5)
  2 ogres
  2 wolves (D:9)
  10 centaurs
  A kobold brigand (D:10)
  2 gnoll sergeants
  2 scorpions
  16 bullfrogs
  A cane toad simulacrum (Lair:5)
  5 wights (D:9)
  6 lindwurm simulacra (IceCv)
  An elephant simulacrum (Lair:5)
  7 howler monkeys
  3 electric eels
  3 quasits (D:6)
  3 gnoll boudas
  4 orc priests
  A hound (D:6)
  Crazy Yiuf (D:7)
  Terence (D:3)
  6 orc wizards
  4 sleepcaps (D:5)
  3 iguanas
  20 gnolls
  6 adders
  A white imp (D:6)
  An ufetubus (D:6)
  A worm (D:4)
  The ghost of petzl the Sneak, a weakling FoDe (D:6)
  A dart slug (D:3)
  34 orcs
  3 endoplasms
  3 giant cockroaches
  13 goblins
  13 hobgoblins
  5 jackals
  4 quokkas
  8 ball pythons
  5 bats
  4 frilled lizards
  9 kobolds
  3 rats
526 creatures vanquished.

Vanquished Creatures (collateral kills)
  Urug (Lair:1)
  4 elephants (Lair:3)
  Maggie (Lair:1)
6 creatures vanquished.

Vanquished Creatures (others)
  7 spectral weapons
7 creatures vanquished.

Grand Total: 539 creatures vanquished

Notes
Turn   | Place    | Note
-------+----------+-------------------------------------------
     0 | D:1      | jejorda2 the Merfolk Berserker began the quest for the Orb.
     0 | D:1      | Reached XP level 1. HP: 18/18 MP: 1/1
    31 | D:1      | Reached XP level 2. HP: 9/24 MP: 2/2
   141 | D:1      | Found Qackyuly's Vocational Training.
   408 | D:1      | Reached skill level 5 in Polearms
   496 | D:2      | Reached XP level 3. HP: 24/30 MP: 3/3
   691 | D:2      | Reached ** piety under Trog
   775 | D:2      | Noticed an ogre
   782 | D:2      | Killed an ogre
   783 | D:2      | Reached skill level 6 in Polearms
   783 | D:2      | Reached XP level 4. HP: 11/38 MP: 4/4
   783 | D:2      | Reached XP level 5. HP: 12/43 MP: 5/5
  1240 | D:2      | Found Kafun's Jewellery Shoppe.
  1788 | D:3      | Noticed Terence
  1797 | D:3      | Killed Terence
  1798 | D:3      | Reached skill level 7 in Polearms
  2245 | D:4      | Reached XP level 6. HP: 48/50 MP: 6/6
  2254 | D:4      | Reached skill level 5 in Fighting
  2330 | D:4      | Noticed Sigmund
  2370 | D:4      | Reached skill level 8 in Polearms
  2374 | D:4      | Killed Sigmund
  2375 | D:4      | Reached XP level 7. HP: 26/56 MP: 2/7
  2902 | D:5      | Entered Level 5 of the Dungeon
  2924 | D:5      | Noticed Grinder
  2932 | D:5      | Killed Grinder
  2933 | D:5      | Reached skill level 9 in Polearms
  3136 | D:5      | Reached skill level 10 in Polearms
  3317 | D:5      | Found a broken altar of Ashenzari.
  3388 | D:5      | Found a staircase to the Ecumenical Temple.
  3507 | D:5      | Reached XP level 8. HP: 61/64 MP: 8/8
  3575 | D:5      | Reached skill level 11 in Polearms
  4030 | D:6      | Found a transporter.
  4036 | D:6      | Noticed petzl's ghost (weakling FoDe)
  4073 | D:6      | Reached skill level 12 in Polearms
  4135 | D:6      | Found a transporter.
  4280 | D:6      | Found Puacu's Antique Armour Boutique.
  4288 | D:6      | Bought a pair of runed gloves for 195 gold pieces
  4398 | D:6      | Reached *** piety under Trog
  4478 | D:6      | Found a broken altar of Ashenzari.
  4481 | D:6      | Found a shimmering altar of Xom.
  4481 | D:6      | Found a sparkling altar of Nemelex Xobeh.
  4483 | D:6      | Found a basalt altar of Yredelemnul.
  4483 | D:6      | Found a sparkling altar of Nemelex Xobeh.
  4483 | D:6      | Found an ornate altar of the Wu Jian Council.
  4726 | D:6      | Killed petzl's ghost
  4808 | D:7      | Found Suokh's Jewellery Emporium.
  4811 | D:7      | Found Poluiw's Book Emporium.
  4816 | D:7      | Reached XP level 9. HP: 51/69 MP: 6/9
  4825 | D:7      | Found Bialur Bach's Assorted Antiques.
  4828 | D:7      | Found Ruetaene's Armour Emporium.
  4875 | D:7      | Reached skill level 13 in Polearms
  4921 | D:7      | Found Fyaty's Assorted Antiques.
  4929 | D:7      | Bought a purple potion for 28 gold pieces
  4964 | D:7      | Found a flagged portal.
  4979 | Bailey   | Entered a bailey
  5012 | Bailey   | Reached skill level 14 in Polearms
  5151 | Bailey   | Reached skill level 15 in Polearms
  5180 | Bailey   | Noticed Prince Ribbit
  5180 | Bailey   | Noticed a vault guard
  5187 | Bailey   | Killed a vault guard
  5188 | Bailey   | Reached XP level 10. HP: 76/76 MP: 7/10
  5189 | Bailey   | Killed Prince Ribbit
  5190 | Bailey   | Reached skill level 5 in Armour
  5247 | Bailey   | Noticed a vault guard
  5258 | Bailey   | Killed a vault guard
  5259 | Bailey   | Reached skill level 16 in Polearms
  5667 | D:7      | Found a runed translucent door.
  5668 | D:7      | Noticed Crazy Yiuf
  5672 | D:7      | Killed Crazy Yiuf
  5826 | D:7      | Reached **** piety under Trog
  6290 | D:8      | Found a basalt altar of Yredelemnul.
  6527 | D:8      | Found a shimmering blue altar of Sif Muna.
  6550 | D:8      | Noticed Psyche
  6557 | D:8      | Killed Psyche
  6589 | D:8      | Noticed Joseph
  6610 | D:8      | Killed Joseph
  6611 | D:8      | Reached skill level 17 in Polearms
  7092 | D:9      | Noticed a manticore
  7103 | D:9      | Killed a manticore
  7104 | D:9      | Reached skill level 1 in Throwing
  7137 | D:9      | Noticed a gargoyle
  7137 | D:9      | Noticed a six-headed hydra
  7137 | D:9      | Noticed an eight-headed hydra
  7137 | D:9      | Noticed a deep elf pyromancer
  7137 | D:9      | Noticed a deep elf pyromancer
  7138 | D:9      | Noticed a boulder beetle
  7152 | D:9      | Killed an eight-headed hydra
  7153 | D:9      | Reached XP level 11. HP: 79/84 MP: 9/11
  7159 | D:9      | Killed a deep elf pyromancer
  7160 | D:9      | Killed a six-headed hydra
  7165 | D:9      | Killed a boulder beetle
  7174 | D:9      | Killed a deep elf pyromancer
  7294 | D:9      | Noticed a two-headed ogre
  7303 | D:9      | Killed a two-headed ogre
  7376 | D:9      | Identified the +6 short sword of Hacking and Slashing
                  | {freeze, Fragile +Blink rC+}
  7417 | D:9      | Noticed Grum
  7423 | D:9      | Killed Grum
  7424 | D:9      | Reached skill level 18 in Polearms
  7451 | D:9      | Found a sacrificial altar of Ru.
  7462 | D:9      | Noticed a deep elf pyromancer
  7472 | D:9      | Killed a deep elf pyromancer
  7478 | D:9      | Noticed a green ugly thing
  7489 | D:9      | Killed a green ugly thing
  7490 | D:9      | Reached skill level 5 in Throwing
  7555 | D:9      | Found a radiant altar of Vehumet.
  7600 | D:9      | Noticed a wizard
  7605 | D:9      | Paralysed by a hornet for 1 turns
  7612 | D:9      | Killed a wizard
  7745 | D:9      | Reached XP level 12. HP: 91/96 MP: 10/12
  7897 | D:9      | Found a snail-covered altar of Cheibriados.
  7907 | D:9      | Found an opulent altar of Gozag.
  8148 | D:10     | Entered Level 10 of the Dungeon
  8148 | D:10     | Found Liston's Antique Weapon Shop.
  8283 | D:10     | Noticed a two-headed ogre
  8288 | D:10     | Killed a two-headed ogre
  8381 | D:10     | Found a glowing golden altar of the Shining One.
  8634 | D:10     | Reached skill level 10 in Fighting
  8645 | D:10     | Found a white marble altar of Elyvilon.
  8645 | D:10     | Found a stormy altar of Qazlal.
  8650 | D:10     | Found a hazy altar of Hepliaklqana.
  8653 | D:10     | Found a blossoming altar of Fedhas.
  8660 | D:10     | Found a glowing silver altar of Zin.
  8754 | D:10     | Found a shadowy altar of Dithmenos.
  8774 | D:10     | Found an ornate altar of the Wu Jian Council.
  8910 | D:11     | Noticed Maurice
  8926 | D:11     | Reached skill level 19 in Polearms
  8942 | D:11     | Killed Maurice
  9067 | D:11     | Found a staircase to the Orcish Mines.
  9690 | D:11     | Found a staircase to the Lair.
  9858 | Lair:1   | Entered Level 1 of the Lair of Beasts
  9881 | Lair:1   | Noticed Maggie
  9881 | Lair:1   | Noticed Urug
  9893 | Lair:1   | Killed Urug
  9896 | Lair:1   | Killed Maggie
 10234 | D:7      | Bought the ring "Vujue" {rPois rF+ Int+2 Dex+3 SInv} for
                  | 480 gold pieces
 11031 | Lair:2   | Reached XP level 13. HP: 106/106 MP: 9/13
 11084 | Lair:2   | Reached skill level 5 in Dodging
 11309 | D:7      | Bought a glowing fluorescent amulet for 100 gold pieces
 11710 | Lair:2   | Reached ***** piety under Trog
 11819 | Lair:2   | Upgraded the game from 0.31-a0-128-g25add195a6 to
                  | 0.31-a0-133-gaae73658be
 11882 | Lair:3   | Reached skill level 20 in Polearms
 11916 | Lair:3   | Found a staircase to the Swamp.
 12349 | D:7      | Bought a wooden ring for 160 gold pieces
 12694 | Lair:3   | Reached skill level 1 in Evocations
 12854 | Lair:3   | Reached skill level 10 in Throwing
 13241 | Lair:3   | Found a hole to the Spider Nest.
 13582 | Lair:3   | Reached XP level 14. HP: 92/115 MP: 14/14
 13736 | Lair:4   | Found a gate leading to a gauntlet.
 13744 | Gauntlet | Entered a Gauntlet
 13744 | Gauntlet | Found a transporter.
 13744 | Gauntlet | Found a transporter.
 13931 | Gauntlet | Found a transporter.
 13934 | Gauntlet | Found a transporter.
 13945 | Gauntlet | Found a transporter.
 13945 | Gauntlet | Found a transporter.
 13953 | Gauntlet | Found a transporter.
 13973 | Gauntlet | Found a transporter.
 13978 | Gauntlet | Found a transporter.
 13981 | Gauntlet | Found a transporter.
 13994 | Gauntlet | Found a transporter.
 13994 | Gauntlet | Found a transporter.
 14221 | Gauntlet | Identified the +6 arbalest of Cowardice {drain, rF+ rC++
                  | Str+3}
 14680 | Lair:4   | Reached skill level 5 in Evocations
 14728 | Lair:4   | Noticed Sonja
 14728 | Lair:4   | Noticed Nessos
 14736 | Lair:4   | Killed Nessos
 14743 | Lair:4   | Killed Sonja
 15497 | Lair:5   | Entered Level 5 of the Lair of Beasts
 15564 | Lair:5   | Noticed Josephine
 15569 | Lair:5   | Killed Josephine
 15885 | Lair:5   | Received a gift from Trog
 16001 | Lair:5   | Noticed Rupert
 16010 | Lair:5   | Killed Rupert
 16160 | Lair:5   | Noticed a dire elephant
 16160 | Lair:5   | Noticed a dire elephant
 16160 | Lair:5   | Noticed a dire elephant
 16161 | Lair:5   | Noticed a dire elephant
 16168 | Lair:5   | Killed a dire elephant
 16295 | Lair:5   | Found a staircase to the Slime Pits.
 16933 | Lair:5   | Reached XP level 15. HP: 119/120 MP: 15/15
 16999 | Lair:5   | Reached skill level 10 in Armour
 17865 | D:7      | Bought a forked copper wand for 128 gold pieces
 18028 | D:12     | Found Econeaju's Elemental Accessories.
 19024 | D:13     | Received a gift from Trog
 20666 | D:14     | Found a gate to the Vaults.
 20742 | D:15     | Entered Level 15 of the Dungeon
 20749 | D:15     | Found a runed translucent door.
 20761 | D:15     | Received a gift from Trog
 20801 | D:15     | Noticed Huipt's ghost (journeyman DEFE)
 20816 | D:15     | Reached XP level 16. HP: 116/129 MP: 16/16
 20824 | D:15     | Found a frozen archway.
 20898 | IceCv    | Entered an ice cave
 21249 | IceCv    | Identified the amulet of the Gloaming {Harm rC- Regen+
                  | Str-3 Dex+8}
 21302 | IceCv    | Killed from afar by a white draconian

Illustrated notes

Levels and vault maps discovered:
D:1:      wander_arrival_desolate, layout_rooms, minivault_4,
          nicolae_shop_vocational
D:2:      layout_basic, serial_shops, shop
D:3:      layout_loops_ring, uniq_terence
D:4:      layout_loops_ring, uniq_sigmund
D:5:      layout_basic, kennysheep_mini, temple_statues,
          amcnicky_mini_pool_small, hellmonk_no_cap, uniq_grinder
D:6:      layout_basic, doesnt_xom_only_xom, serial_shops, shop,
          gammafunk_ghost_stat_death
D:7:      layout_layer_cave, serial_shops, nicolae_shop_tiny_waterfront,
          enter_bailey_3, minmay_shop_grid_forest, roderic_lattice_a,
          uniq_crazy_yiuf_cottage
D:8:      layout_gridville, mainiacjoe_overflow_concentric_impassable,
          mainiacjoe_overflow_24_doors, hangedman_decor_points, kennysheep_dice,
          uniq_prince_ribbit1, uniq_joseph, uniq_psyche
D:9:      minmay_the_grid_octo_triangle [minmay_the_grid_octo_pinwheel,
          minmay_the_grid_octo_prize_square_snowflake, minmay_the_grid_octo_77],
          layout_rooms, amethyst_overflow_temple_binary,
          nicolae_ru_awakened_eye, overflow_temple_1_default, uniq_grum
D:10:     layout_roguey, mainiacjoe_overflow_tiny_flanked,
          nicolae_overflow_hallway_of_the_gods,
          nicolae_wu_jian_immortal_techniques, serial_shops,
          nicolae_stop_n_shop_1, nicolae_water_bricks
D:11:     layout_loops_ring, erik_lair_dragon, minmay_orc_entry_temple_small,
          minivault_4, uniq_maurice
D:12:     layout_rooms, nicolae_elemental_shop
D:13:     layout_irregular_city
D:14:     layout_small_grid, david_vaults_4, chequers_serial_rivers_room_b
D:15:     hangedman_depths_entry_civil_slaughter, layout_basic,
          small_statue_alley_a, portal_ice_cave_entry_pillars_four,
          muffindrake_ghost_dual_entry
Lair:1:   layout_regular_city, minivault_24, serial_bayou_lagoon_b, uniq_maggie,
          uniq_urug
Lair:2:   minmay_lair_oklob_chamber, layout_concentric_octagons
Lair:3:   layout_regular_city, skrybe_swamp_entry_bodies,
          spider_nest_entry_rubble, grunt_megastairs_2
Lair:4:   layout_small_grid, gauntlet_entry_generic, grunt_megastairs_5,
          uniq_sonja, uniq_nessos
Lair:5:   due_jungle_book, layout_layer_cave, minmay_slime_entry_oklob_enclosed,
          uniq_josephine, uniq_rupert
IceCv:    ice_cave_small_dragons

Skill      XL: |  1  2  3  4  5  6  7  8  9 10 11 12 13 14 15 |
---------------+----------------------------------------------+-----
Polearms       | 5 6 7 8 10 12 15 17 18 19 20 | 20.6
Fighting       | 4 5 6 7 9 11 12 | 12.9
Armour         | 2 4 6 9 11 | 11.8
Throwing       | 2 5 8 10 12 | 12.7
Dodging        | 4 6 |  6.0
Evocations     | 3 6 |  6.0

Action                     |  1- 3 |  4- 6 |  7- 9 | 10-12 | 13-15 | 16-18 || total
---------------------------+-------+-------+-------+-------+-------+-------++-------
  Melee: Spear             |   110 |    56 |       |       |       |       ||   166
         Punch             |     1 |     3 |       |       |       |       ||     4
         Tailslap          |     3 |       |     1 |     1 |       |       ||     5
         Trident           |       |    72 |     1 |    17 |    56 |       ||   146
         Halberd           |       |       |   207 |   316 |   747 |    60 ||  1330
  Throw: Stone             |       |     1 |       |     1 |       |       ||     2
         Dart              |       |       |       |     3 |     1 |       ||     4
         Boomerang         |       |       |       |       |    13 |       ||    13
 Invoke: Berserk           |     2 |     2 |     3 |     5 |    11 |     1 ||    24
         Trog's Hand       |       |     2 |     2 |     6 |     8 |     1 ||    19
         Brothers in Arms  |       |       |       |     1 |     3 |       ||     4
  Evoke: Wand              |       |       |       |       |     2 |    19 ||    21
         Phial of floods   |       |       |       |       |     1 |       ||     1
    Use: Scroll            |       |       |    22 |     6 |     7 |       ||    35
         Potion            |       |       |       |       |     3 |       ||     3
   Stab: Sleeping          |     1 |     1 |       |       |       |       ||     2
         Distracted        |       |       |     2 |     5 |    21 |     1 ||    29
         Petrified         |       |       |       |       |     7 |       ||     7
         Invisible         |       |       |       |       |     1 |       ||     1
 Armour: Animal skin       |    12 |     7 |       |       |       |       ||    19
         Chain mail        |       |    19 |    83 |    92 |   405 |    18 ||   617
  Dodge: Dodged            |    44 |    47 |    63 |    62 |   317 |    11 ||   544

Table legend: (Time is in decaauts)
 A = Elapsed time spent in this place.
 B = Non-inter-level travel time spent in this place.
 C = Inter-level travel time spent in this place.
 D = Time resting spent in this place.
 E = Time spent auto-exploring this place.
 F = Levels seen in this place.
 G = Mean time per level.
                   A        B        C        D        E       F      G
               +--------+--------+--------+--------+--------+-----+--------+
         Total |  20997 |  18823 |   2174 |   1969 |  13655 |  23 |  912.9 |
       Dungeon |  13572 |  11775 |   1797 |    956 |   8939 |  15 |  904.8 |
          Lair |   6009 |   5632 |    377 |    694 |   4063 |   5 | 1201.8 |
        Bailey |    358 |    358 |      0 |    116 |    117 |   1 |  358.0 |
      Ice Cave |    381 |    381 |      0 |    202 |     60 |   1 |  381.0 |
      Gauntlet |    675 |    675 |      0 |      0 |    475 |   1 |  675.0 |
               +--------+--------+--------+--------+--------+-----+--------+

Top non-repeatable levels by time:
  Lair:5: 2007 daAuts
    D:11: 1685 daAuts
  Lair:3: 1511 daAuts
     D:7: 1247 daAuts
    D:14: 1171 daAuts
     D:9: 1128 daAuts
  Lair:4: 1105 daAuts
     D:5: 1020 daAuts
    D:13: 957 daAuts
     D:8: 947 daAuts
     D:2: 913 daAuts
     D:6: 881 daAuts
  Lair:1: 862 daAuts
     D:4: 851 daAuts
    D:10: 831 daAuts
